 Dungeon Crawl Stone Soup version 0.30-a0-924-g0ad0bf95bc (webtiles) character file.

Game seed: 5512805257415311664

75 Zdeegee the Stinger (level 4, -2/24 HPs)
             Began as a Deep Elf Venom Mage on Mar 22, 2023.
             Was a Believer of Nemelex Xobeh.
             Slain by Crazy Yiuf
             ... wielding a +2 quarterstaff of chaos
              (11 damage)
             ... on level 2 of the Dungeon.
             The game lasted 00:05:26 (2653 turns).

Zdeegee the Stinger (Deep Elf Venom Mage)           Turns: 2653, Time: 00:05:26

Health: -2/24      AC:  3    Str:  5    XL:     4   Next: 11%
Magic:  6/11       EV: 12    Int: 22    God:    Nemelex Xobeh [**....]
Gold:   139        SH:  0    Dex: 15    Spells: 0/10 levels left

rFire   + . .      SeeInvis .    q - +0 short sword
rCold   + . .      Faith    .    (no shield)
rNeg    . . .      Spirit   .    h - +0 robe
rPois   .          Reflect  .    (no helmet)
rElec   .          Rampage  .    k - scarf {rC+ rF+}
rCorr   .                        d - +0 pair of gloves
Will    .....                    (no boots)
Stlth   ++                       (no amulet)
HPRegen 0.24/turn                (no ring)
MPRegen 0.12/turn                (no ring)

@: no status effects
A: no striking features
a: Renounce Religion, Draw Escape, Draw Destruction, Draw Summoning


You were on level 2 of the Dungeon.
You worshipped Nemelex Xobeh.
Nemelex Xobeh was pleased with you.
You visited 1 branch of the dungeon, and saw 2 of its levels.

You collected 139 gold pieces.

Inventory:

Hand Weapons
 f - a +0 dagger
 q - a +0 short sword (weapon)
Armour
 a - a +0 robe
 d - a +0 pair of gloves (worn)
 h - a +0 robe (worn)
 k - a scarf of resistance (worn)
Scrolls
 c - 2 scrolls of amnesia
 e - a scroll of poison {unknown}
 g - a scroll of torment {unknown}
 i - a scroll of noise {unknown}
 j - 3 scrolls of teleportation {unknown}
 l - a scroll of fog {unknown}
Potions
 b - a potion of magic
 m - a potion of attraction {unknown}
 n - a potion of heal wounds
 o - a potion of might
 p - a potion of berserk rage


   Skills:
 * Level 0.6 Fighting
 * Level 2.6 Dodging
 + Level 2.4 Stealth
 * Level 3.5 Spellcasting
 * Level 1.0 Conjurations
 + Level 1.5 Transmutations
 + Level 0.2 Air Magic
 * Level 4.1 Poison Magic
 * Level 1.3 Invocations
 * Level 0.4 Evocations


You couldn't memorise any spells.
You knew the following spells:

 Your Spells              Type           Power      Damage    Failure   Level
a - Sting                 Tmut/Pois      64%        1d6       3%          1
b - Poisonous Vapours     Pois/Air       26%        N/A       8%          2
c - Mephitic Cloud        Conj/Pois/Air  11%        N/A       17%         3
d - Olgreb's Toxic Radia  Pois           22%        N/A       22%         4

Your spell library contained the following spells:

 Spells                   Type           Power      Damage    Failure   Level


Dungeon Overview and Level Annotations

Branches:
Dungeon (2/15)

Altars:
Elyvilon
Nemelex Xobeh

Annotations:
D:2 Crazy Yiuf


Message History

The ball python is severely wounded.
You kill the ball python!
No target in view!
This spell is astonishingly dangerous to cast!
Memorise Olgreb's Toxic Radiance, consuming 4 spell levels and leaving 0?
You start memorising the spell.
You continue memorising. x4
You finish memorising.
Spell assigned to 'd'.
Casting: Poisonous Vapours (safe; 8% risk of failure)
Confirm with . or Enter, or press ? or * to list all spells.
Okay, then.
Could not explore, unopened runed door.
You open the door.
Casting: Poisonous Vapours (safe; 8% risk of failure)
Confirm with . or Enter, or press ? or * to list all spells.
Aiming: Poisonous Vapours (safe; 8% risk of failure)
Press: ? - help, Dir - move target, f - Crazy Yiuf
Aim: Crazy Yiuf, wielding a +2 quarterstaff of chaos and wearing a +0 cloak (wandering, hasn't noticed you) Poisonous vapours surround Crazy Yiuf!
Crazy Yiuf is poisoned.
Crazy Yiuf shouts!
Crazy Yiuf attacks as you move away!
Crazy Yiuf hits you with a +2 quarterstaff of chaos.
Crazy Yiuf attacks as you move away!
Crazy Yiuf hits you with a +2 quarterstaff of chaos.
You are confused.
You're too confused to cast spells.
You closely miss Crazy Yiuf.
Crazy Yiuf is lightly wounded.
You feel less confused.
Crazy Yiuf hits you with a +2 quarterstaff of chaos.
You feel your power leaking away.
Casting: Poisonous Vapours (safe; 8% risk of failure)
Confirm with . or Enter, or press ? or * to list all spells.
Aiming: Poisonous Vapours (safe; 8% risk of failure)
Press: ? - help, Dir - move target, f/p - Crazy Yiuf
Aim: Crazy Yiuf, wielding a +2 quarterstaff of chaos and wearing a +0 cloak (lightly wounded, poisoned) Poisonous vapours surround Crazy Yiuf!
Crazy Yiuf looks even sicker.
Crazy Yiuf says, "Island turtle mobile!"
Crazy Yiuf hits you with a +2 quarterstaff of chaos!
You die...
Your body glows slightly and disappears.

#...# ####### #
############
...
#...^.######
...........#
#'#
#...........
..........##
♣.♣♣
#.....######
#########..#
♣♣.♣ #.....#
#... # ####
♣.♣♣ #.....#
#... # ♣♣.♣
#.....# #... #
♣♣g♣♣ #.....#
#... ####
♣♣@P.♣ #.....#
#... ...#
♣.P..♣ #.....#
#### ...#
#....# #....##
# ...# #....#
####..# # <..#
#...########.##
# ...#
##.......#
#.)## # ...#
#######.# ##..#
# ...# #.# ##.#
# ...# #.# #.#
#


You could see Crazy Yiuf (very poisoned).

Vanquished Creatures
  2 adders (D:2)
  A worm (D:2)
  3 dart slugs
  4 ball pythons
  2 endoplasms (D:2)
  2 giant cockroaches (D:1)
  3 goblins
  4 hobgoblins
  8 jackals
  2 quokkas (D:2)
  3 bats
  3 frilled lizards
  4 kobolds
  5 rats
46 creatures vanquished.

Vanquished Creatures (others)
  3 fungi (D:2)
  5 plants (D:2)
8 creatures vanquished.

Grand Total: 54 creatures vanquished

Notes
Turn   | Place    | Note
-------+----------+-------------------------------------------
     0 | D:1      | Zdeegee the Deep Elf Venom Mage began the quest for the
                  | Orb.
     0 | D:1      | Reached XP level 1. HP: 10/10 MP: 6/6
   147 | D:1      | Reached XP level 2. HP: 11/15 MP: 1/8
   203 | D:1      | Found a faded altar of an unknown god.
   223 | D:1      | Prayed at the altar of an unknown god.
   223 | D:1      | Became a worshipper of Nemelex Xobeh the Trickster
   223 | D:1      | Reached * piety under Nemelex Xobeh
   456 | D:1      | Learned a level 2 spell: Poisonous Vapours
   560 | D:1      | Received a gift from Nemelex Xobeh
  1189 | D:2      | Found a runed translucent door.
  1190 | D:2      | Noticed Crazy Yiuf
  1413 | D:2      | Reached XP level 3. HP: 16/19 MP: 5/9
  1568 | D:2      | Reached ** piety under Nemelex Xobeh
  1633 | D:2      | Learned a level 3 spell: Mephitic Cloud
  1684 | D:2      | Found a white marble altar of Elyvilon.
  1773 | D:2      | Reached skill level 4 in Poison Magic
  2107 | D:2      | Reached skill level 1 in Invocations
  2204 | D:2      | Reached XP level 4. HP: 4/24 MP: 0/11
  2443 | D:2      | Reached skill level 1 in Conjurations
  2602 | D:2      | Learned a level 4 spell: Olgreb's Toxic Radiance
  2653 | D:2      | Slain by Crazy Yiuf

Illustrated notes

Levels and vault maps discovered:
D:1:      dpeg_arrival_refuge, layout_basic, serial_curves, eino_curves_01,
          eino_curves_04, eino_curves_03, chequers_ecumenical_altar_island,
          nicolae_figureground_pulse
D:2:      minmay_recursive_quarters, layout_basic, basic_altar,
          serial_bayou_crossing, uniq_crazy_yiuf_cottage

Skill      XL: |  1  2  3  4 |
---------------+-------------+-----
Poison Magic   | 4 |  4.1
Invocations    | 1 |  1.3
Conjurations   | 1 |  1.0
Fighting       | |  0.6
Dodging        | |  2.6
Stealth        | |  2.4
Spellcasting   | |  3.5
Transmutations | |  1.5
Air Magic      | |  0.2
Evocations     | |  0.4

Action                     |  1- 3 |  4- 6 || total
---------------------------+-------+-------++-------
  Melee: Dagger            |    12 |       ||    12
         Short sword       |    12 |    13 ||    25
         Punch             |     1 |       ||     1
   Cast: Sting             |    55 |     3 ||    58
         Poisonous Vapours |    17 |     4 ||    21
    Use: Scroll            |     5 |       ||     5
         Potion            |     1 |     1 ||     2
 Armour: Robe              |    13 |       ||    13
  Dodge: Dodged            |    34 |     4 ||    38

Table legend: (Time is in decaauts)
 A = Elapsed time spent in this place.
 B = Non-inter-level travel time spent in this place.
 C = Inter-level travel time spent in this place.
 D = Time resting spent in this place.
 E = Time spent auto-exploring this place.
 F = Levels seen in this place.
 G = Mean time per level.
                   A        B        C        D        E       F      G
               +--------+--------+--------+--------+--------+-----+--------+
         Total |   2679 |   2631 |     48 |    248 |   2006 |   2 | 1339.5 |
       Dungeon |   2679 |   2631 |     48 |    248 |   2006 |   2 | 1339.5 |
               +--------+--------+--------+--------+--------+-----+--------+

Top non-repeatable levels by time:
     D:2: 1566 daAuts
     D:1: 1113 daAuts
